 Dungeon Crawl Stone Soup version 0.16.1-28-gcc2312f (webtiles) character file.

1210 Woebin the Covert (level 8, 0/58 HPs)
             Began as a Vampire Assassin on May 26, 2015.
             Slain by an orc warrior
             ... wielding a +0 war axe
              (23 damage)
             ... on level 4 of the Dungeon on June 5, 2015.
             The game lasted 00:25:39 (7731 turns).

Woebin the Covert (Vampire Assassin)                Turns: 7731, Time: 00:25:39

Health: 0/58       AC:  7    Str: 10    XL:     8   Next: 22%
Magic:  17/17      EV: 16    Int: 13    God:
Gold:   241        SH:  0    Dex: 17    Spells: 0 memorised, 7 levels left

rFire  + . .     SeeInvis +     a - +2 dagger
rCold  + + .     Clarity  .     f - +2 leather armour {rF+}
rNeg   + + +     SustAb   .     (no shield)
rPois  ∞         Gourm    .     (no helmet)
rElec  .         Spirit   .     d - +0 cloak
rCorr  .         Warding  .     (no gloves)
rMut   .         Stasis   .     p - +0 pair of boots
MR     .....                    t - amulet of rage
Stlth  +++++.....               (no ring)
                                v - ring of magical power

@: very slightly contaminated, bloodless, non-regenerating, hasted, very quick,
not resistant to hostile enchantments, quite stealthy
A: bottle blood, fangs 3, see invisible, unbreathing
a: Bat Form, Evoke Berserk Rage


You were on level 4 of the Dungeon.
You were bloodless.

You visited 1 branch of the dungeon, and saw 4 of its levels.

You collected 241 gold pieces.

Inventory:

Hand weapons
 a - a +2 dagger (weapon)
 b - a +0 blowgun
 s - a +0 long sword
 w - a +0 hand crossbow
Missiles
 e - 25 poisoned needles
 k - 2 curare-tipped needles
Armour
 d - a +0 cloak (worn)
 f - a +2 leather armour of fire resistance (worn)
 p - a +0 pair of boots (worn)
Jewellery
 r - an uncursed ring of fire
 t - an amulet of rage (around neck)
 v - a ring of magical power (left hand)
Magical devices
 o - a wand of frost (48)
Scrolls
 c - a scroll of teleportation
 i - 3 scrolls of remove curse
 j - a scroll of fear
 l - 6 scrolls of identify
Potions
 g - a potion of poison {unknown}
 h - a potion of restore abilities


   Skills:
 + Level 3.5 Fighting
 + Level 4.0 Short Blades
 + Level 2.8 Throwing
 + Level 0.7 Armour
 + Level 6.8 Dodging
 + Level 9.9 Stealth


You had 7 spell levels left.
You didn't know any spells.

Dungeon Overview and Level Annotations

Branches:
Dungeon (4/15)
 Temple: D:4-7

Altars:

Shops:
D:4 *


Innate Abilities, Weirdness & Mutations

You do not heal naturally.
You can bottle blood from corpses.
You have razor-sharp teeth.
You have supernaturally acute eyesight.
You can survive without breathing.


Message History

The orc warrior is moderately wounded.
The orc warrior completely misses you.
You hit the orc warrior but do no damage.
The orc warrior is moderately wounded.
You hit the orc warrior but do no damage.
The orc warrior is moderately wounded.
The orc warrior completely misses you.
You hit the orc warrior but do no damage.
The orc warrior is moderately wounded.
You hit the orc warrior.
You bite the orc warrior, but do no damage.
The orc warrior is moderately wounded.
The orc warrior hits you with a war axe!
You hit the orc warrior.
The orc warrior is moderately wounded.
You closely miss the orc warrior.
You bite the orc warrior, but do no damage.
The orc warrior is moderately wounded.
The orc warrior hits you with a war axe!!
You die...

##.....(.......
...... ##...........
.... .....
##..................
##### #....#...#####
>..... #
##...###...# .......
#...## ##..#
##.....# # ##..##
##.####.....#
###..## #$..##o...#
.#..## ##..@ooh.#
...## ########..#
..## # ###


You could see an orc warrior, 2 orcs and a jackal.

Vanquished Creatures
  Pikel (D:4)
  Eustachio (D:4)
  A slave (D:4)
  An ogre (D:4)
  Sigmund (D:2)
  A hound (D:2)
  Crazy Yiuf (D:4)
  A centaur skeleton (D:3)
  5 worker ants (D:4)
  2 orc priests (D:4)
  Terence (D:2)
  3 adders
  4 worms
  A giant mite (D:2)
  An adder skeleton (D:4)
  14 orcs
  12 bats
  9 giant cockroaches
  10 hobgoblins
  A quokka (D:3)
  3 giant newts
  15 goblins
  13 jackals
  12 kobolds
  9 rats
123 creatures vanquished.

Vanquished Creatures (others)
  A phantom (D:4)
  A slave (D:4)
  A jelly (D:4)
  A giant gecko (D:4)
  2 orcs (D:4)
  A bat zombie (D:4)
  A jackal (D:4)
8 creatures vanquished.

Grand Total: 131 creatures vanquished

Notes
Turn   | Place    | Note
--------------------------------------------------------------
     0 | D:1      | Woebin, the Vampire Assassin, began the quest for the Orb.
     0 | D:1      | Reached XP level 1. HP: 16/16 MP: 1/1
    28 | D:1      | Reached skill level 6 in Stealth
   275 | D:1      | Reached XP level 2. HP: 22/22 MP: 2/2
   681 | D:1      | Reached skill level 7 in Stealth
   934 | D:2      | Noticed Sigmund
   942 | D:2      | Killed Sigmund
   942 | D:2      | Reached XP level 3. HP: 27/27 MP: 3/3
   942 | D:2      | Reached XP level 4. HP: 33/33 MP: 4/4
  1015 | D:2      | Reached skill level 8 in Stealth
  1026 | D:2      | Noticed Terence
  1644 | D:2      | Reached XP level 5. HP: 38/38 MP: 5/5
  1827 | D:2      | Killed Terence
  3136 | D:3      | HP: 1/38 [centaur skeleton (7)]
  4226 | D:3      | Reached XP level 6. HP: 35/45 MP: 6/6
  4828 | D:4      | Noticed Pikel
  4912 | D:4      | Killed Pikel
  4912 | D:4      | Reached skill level 5 in Dodging
  4912 | D:4      | Reached skill level 9 in Stealth
  4912 | D:4      | Reached XP level 7. HP: 11/52 MP: 7/7
  5582 | D:4      | Found Psuxt's Assorted Antiques.
  5713 | D:4      | Noticed Eustachio
  5762 | D:4      | Killed Eustachio
  5952 | D:4      | Reached XP level 8. HP: 14/58 MP: 8/8
  7241 | D:4      | Noticed Crazy Yiuf
  7265 | D:4      | Killed Crazy Yiuf
  7731 | D:4      | Slain by an orc warrior

Action                   |  1- 3 |  4- 6 |  7- 9 || total
-------------------------+-------+-------+-------++-------
Melee: Dagger            |    52 |   308 |   141 ||   501
 Fire: Blowgun           |     3 |    19 |    27 ||    49
 Abil: End Transformatio |       |     1 |       ||     1
       Bat Form          |       |     1 |       ||     1
  Use: Potion            |       |     4 |     3 ||     7
       Scroll            |       |     2 |     5 ||     7
 Stab: Sleeping          |    11 |    15 |     4 ||    30
       Distracted        |       |     1 |     1 ||     2
       Invisible         |       |       |     1 ||     1
  Eat: Corpse            |       |     3 |     2 ||     5
